 Dungeon Crawl Stone Soup version 0.16-a0-4060-g00983b4 (console) character file.

25918 MrRokkomies the Grappler (level 12, -6/126 HPs)
             Began as a Troll Chaos Knight on Feb 21, 2015.
             Mangled by a very large slime creature (51 damage)
             ... on level 12 of the Dungeon.
             The game lasted 01:04:27 (11321 turns).

MrRokkomies the Grappler (Troll Chaos Knight)      Turns: 11321, Time: 01:04:27

Health: -6/126     AC: 11    Str: 23      XL:     12   Next: 93%
Magic:  0/14       EV: 13    Int: 12 (13) God:    Xom [*.....]
Gold:   1583       SH:  0    Dex: 11      Spells: 2 memorised, 4 levels left

rFire  . . .     SeeInvis .       - Unarmed
rCold  . . .     Clarity  .     y - +1 robe {rN+}
rNeg   + . .     SustAb   .     (shield restricted)
rPois  +         Gourm    +     (helmet restricted)
rElec  .         Spirit   .     Y - +1 cloak {+Inv}
rCorr  .         Warding  .     (gloves unavailable)
rMut   .         Stasis   .     (boots unavailable)
MR     .....                    (no amulet)
Stlth  +.........               N - ring "Smavopan" {Wiz rPois Int+5}
                                w - +4 ring of protection (curse)

@: not resistant to hostile enchantments, very unstealthy
A: unfitting armour, claws 3, horns 1, blurry vision 1, clumsy 1, deformed body,
fast metabolism 3, gourmand, mutation resistance 1, regeneration 2, shaggy fur
1, tough skin 2
a: Renounce Religion, Evoke Invisibility


You were on level 12 of the Dungeon.
You worshipped Xom.
You were a special plaything of Xom.
You were very hungry.

You visited 1 branch of the dungeon, and saw 12 of its levels.
You also visited: Labyrinth, Ossuary and Bailey.

You collected 1583 gold pieces.

Inventory:

Hand weapons
 b - a +1 blowgun
Missiles
 f - 240 stones
 h - 6 silver javelins
 i - 8 tomahawks (quivered)
 n - 75 poisoned needles
Armour
 o - a +2 robe
 y - a +1 robe of positive energy (worn)
 Y - a +1 cloak of invisibility (worn)
Rods
 M - a +7 iron rod (7/11)
   (Xom gifted it to you on level 10 of the Dungeon)
Jewellery
 g - a +4 ring of dexterity
 t - an uncursed ring of fire
 w - a cursed +4 ring of protection (left claw)
 N - the ring "Smavopan" (right claw) {Wiz rPois Int+5}
   (You took it off a minotaur in a labyrinth)

   [ring of wizardry]

   It improves your spell success rate.
   It affects your intelligence (+5).
   It protects you from poison.
Magical devices
 j - a wand of random effects (35)
 p - a wand of fire (7)
 u - a wand of slowing (13)
 D - a wand of lightning (0)
 E - a wand of lightning (4)
 F - a wand of digging (7)
 J - a wand of digging (19)
 K - a wand of fireball (2)
 O - a wand of flame (13)
Scrolls
 d - 5 scrolls of enchant weapon
 k - 2 scrolls of immolation
 s - 6 scrolls of remove curse
 C - a scroll of summoning
 Q - 2 scrolls of amnesia
 S - 2 scrolls of enchant armour
 X - a scroll of fear
Potions
 c - 2 potions of brilliance
 e - 5 potions of haste
 l - 2 potions of ambrosia
 r - a potion of cancellation
 v - a potion of agility
 x - 3 potions of lignification
 A - 3 potions of restore abilities
 B - 2 potions of might
 G - a potion of magic
 H - a potion of flight
 R - 2 potions of curing
 T - a potion of berserk rage
 U - a potion of resistance
Books
 z - a book of Burglary

   Spells                             Type                      Level
   a - Swiftness                      Charms/Air                   2
   b - Passwall                       Transmutation/Earth          3
   c - Passage of Golubria            Translocation                4
   d - Lee's Rapid Deconstruction     Earth                        5
   e - Invisibility                   Hexes                        6
   f - Darkness                       Hexes                        7
 I - a book of Hinderance

   Spells                             Type                      Level
   a - Confusing Touch                Hexes                        2
   b - Confuse                        Hexes                        3
   c - Petrify                        Transmutation/Earth          4
   d - Metabolic Englaciation         Hexes/Ice                    5
   e - Gell's Gravitas                Hexes/Translocation          5
   f - Summon Mana Viper              Hexes/Summoning              5
Miscellaneous
 m - a legendary deck of wonders
 Z - a lantern of shadows
Comestibles
 a - a meat ration
 q - 5 bread rations


   Skills:
 - Level 10.0 Fighting
 - Level 5.3 Throwing
 - Level 1.5 Armour
 * Level 8.0 Dodging
 - Level 12.0 Unarmed Combat
 - Level 3.6 Hexes
 * Level 4.9 Evocations


You had 4 spell levels left.
You knew the following spells:

 Your Spells              Type           Power        Failure   Level  Hunger
a - Confusing Touch       Hex            #.....       4%          2    ###....
b - Summon Mana Viper     Hex/Summ       #.......     99%         5    ######.


Dungeon Overview and Level Annotations

Branches:
Dungeon (12/15)            Temple (0/1) D:5            Lair (0/8) D:9
    Orc (0/4) D:11

Altars:
Dithmenos
Elyvilon
Gozag
Kikubaaqudgha
Okawaru
Trog
Xom
Zin

Shops:
D:8 *   D:10 %


Innate Abilities, Weirdness & Mutations

You are too large for most types of armour.
You have claws for hands.
Your metabolism is lightning-fast.
You like to eat raw meat.
You heal very quickly.
You are covered in fur (AC +1).
You have very tough skin (AC +2).
You have a pair of small horns on your head.
Scrolls take you a little longer to read.
You are clumsy. (Dex -2)
Armour fits poorly on your strangely shaped body.
You are somewhat resistant to further mutation.


Message History

Two slime creatures merge to form a very large slime creature.
Your shadow strikes at the slime creature from the darkness!
The slime creature dies!
Your shadow strikes at the very large slime creature from the darkness! x2
Your shadow hits the very large slime creature. x2
The very large slime creature hits your shadow!!!
Your shadow is destroyed!
Your shadow hits the very large slime creature.
Your shadow disappears in a puff of smoke!
The very large slime creature hits you!!!
Ouch! That really hurt!
Wield which item (- for none, * to show all)? (? for menu, Esc to quit)
a - a meat ration (in claw) Wield which item (- for none, * to show all)? (? for menu, Esc to quit)
You are now empty-clawed.
You claw the very large slime creature!
You headbutt the very large slime creature.
The very large slime creature is almost dead.
The very large slime creature hits you!!!
You die...

. ..# ......# ......#
.......# ..#
#.......####..#
#........@....#
#.......J.....#
#.............#
#......ยง......#
#.............#
#.............#
#.............##..
#.............##.....
#...........[.##......


You could see a very large slime creature.

Vanquished Creatures
  A minotaur (Lab)
  An alligator (D:8)
  3 hill giants
  4 orc knights (Bailey)
  An ugly thing (D:12)
  A manticore (Bailey)
  4 gargoyles (Lab)
  A fire drake (D:9)
  A red devil (D:8)
  A troll (D:11)
  A trapdoor spider zombie (D:11)
  A wraith (D:11)
  A deep elf mage (D:10)
  A hill giant zombie (D:11)
  12 yaks
  3 hippogriffs
  A wandering mushroom (Lab)
  2 hungry ghosts
  Edmund (D:8)
  14 orc warriors
  A steam dragon (D:11)
  4 sky beasts
  4 ice beasts
  3 phantoms
  A black bear (D:6)
  2 ogres
  4 centaurs
  A big kobold (D:10)
  7 giant frogs
  2 wyvern zombies
  An earth elemental (Lab)
  3 scorpions
  5 wights (D:11)
  A troll zombie (D:11)
  10 killer bees
  5 electric eels (D:10)
  2 crimson imps
  A quasit (D:11)
  2 goliath beetles
  A jelly (D:11)
  A giant frog zombie (D:8)
  2 human zombies (Ossuary)
  5 hounds
  6 orc priests
  A centaur skeleton (D:10)
  2 giant frog skeletons
  3 iguanas
  6 orc wizards
  7 worker ants
  4 ogre zombies (D:11)
  2 hound skeletons
  4 mummies
  19 adders
  14 gnolls
  A shadow imp (D:10)
  A giant mite (D:3)
  An adder skeleton (D:5)
  3 giant geckos
  63 orcs
  2 bat skeletons
  12 goblins
  18 hobgoblins
  14 jackals
  4 quokkas
  17 bats
  5 giant cockroaches
  8 giant newts
  A giant spore (D:9)
  2 goblin skeletons (D:11)
  6 goblin zombies
  A hobgoblin skeleton (D:11)
  5 hobgoblin zombies
  A jackal zombie (D:8)
  23 kobolds
  2 orc skeletons (D:11)
  9 orc zombies
  A quokka skeleton (D:8)
  21 rats
  A ballistomycete (D:9)
413 creatures vanquished.

Vanquished Creatures (collateral kills)
  A slime creature (D:12)
  A phantom (D:5)
2 creatures vanquished.

Vanquished Creatures (others)
  A shadow (D:12)
  2 iron imps (D:5)
  An orc wizard (Bailey)
  4 plants (D:10)
8 creatures vanquished.

Grand Total: 423 creatures vanquished

Notes
Turn   | Place    | Note
--------------------------------------------------------------
     0 | D:1      | MrRokkomies, the Troll Chaos Knight, began the quest for the Orb.
     0 | D:1      | Reached XP level 1. HP: 22/22 MP: 1/1
    38 | D:1      | XOM: divination: detect creatures
   119 | D:1      | Reached XP level 2. HP: 29/29 MP: 1/1
   639 | D:1      | XOM: harmless Fire miscast
   741 | D:2      | Reached XP level 3. HP: 36/36 MP: 2/2
   755 | D:2      | XOM: potion effect (invisibility)
   790 | D:2      | XOM: smoke on damage
   798 | D:2      | Reached skill level 4 in Unarmed Combat
  1082 | D:2      | XOM: divination: detect items
  1186 | D:2      | Reached XP level 4. HP: 42/45 MP: 2/2
  1761 | D:3      | Found an iron altar of Okawaru.
  1809 | D:3      | XOM: mild Ice miscast
  1814 | D:3      | Reached XP level 5. HP: 13/54 MP: 2/2
  2495 | D:3      | XOM is BORED!
  2495 | D:3      | XOM: mild Air miscast
  2633 | D:4      | Reached skill level 5 in Unarmed Combat
  2641 | D:4      | XOM: harmless Ice miscast
  2714 | D:4      | Reached XP level 6. HP: 56/62 MP: 3/3
  2764 | D:4      | XOM: enchant monster (bad)
  2772 | D:4      | XOM: smoke on damage
  2890 | D:4      | XOM: 4-stop teleportation journey
  2946 | D:4      | Found a white marble altar of Elyvilon.
  3310 | D:4      | Found a bloodstained altar of Trog.
  3458 | D:5      | Entered Level 5 of the Dungeon
  3560 | D:5      | XOM: summons friendly iron imp
  3562 | D:5      | XOM: summons friendly iron imp
  3595 | D:5      | Reached skill level 5 in Fighting
  3703 | D:5      | Reached skill level 6 in Unarmed Combat
  3703 | D:5      | Reached XP level 7. HP: 72/72 MP: 3/3
  3961 | D:5      | Found a staircase to the Ecumenical Temple.
  4062 | D:5      | XOM: harmless Pois miscast
  4311 | D:6      | Reached skill level 7 in Unarmed Combat
  4330 | D:6      | Reached XP level 8. HP: 50/83 MP: 3/3
  4367 | D:6      | XOM: noise
  4392 | D:6      | XOM: harmless Tloc miscast
  4425 | D:6      | XOM: divination: detect creatures
  4510 | D:6      | Found a shadowy altar of Dithmenos.
  4578 | D:6      | Reached skill level 8 in Unarmed Combat
  4697 | D:6      | Gained mutation: You are somewhat resistant to further mutation. [potion of beneficial mutation]
  4702 | D:6      | XOM: mild Chrm miscast
  4892 | D:7      | XOM: mild Summ miscast
  5057 | D:7      | XOM: noise
  5365 | D:7      | Found a glowing silver altar of Zin.
  5720 | D:8      | Reached XP level 9. HP: 87/93 MP: 4/4
  5786 | D:8      | Reached skill level 9 in Unarmed Combat
  5854 | D:8      | Noticed a purple ugly thing
  5859 | D:8      | Noticed an alligator
  5859 | D:8      | a purple ugly thing changed into an alligator
  5859 | D:8      | XOM: polymorph purple ugly thing -> alligator
  5870 | D:8      | Killed an alligator
  5903 | D:8      | Found an opulent altar of Gozag.
  5906 | D:8      | Found Gozag's Platinum Reserve.
  5999 | D:8      | Noticed Edmund
  6003 | D:8      | XOM: chaos cloud
  6006 | D:8      | XOM: 1-stop teleportation journey
  6012 | D:8      | Found a sand-covered staircase.
  6017 | Ossuary  | Entered an ossuary
  6257 | D:8      | XOM: fake destruction
  6314 | D:8      | Reached skill level 10 in Unarmed Combat
  6418 | D:8      | Killed Edmund
  6464 | D:8      | XOM: divination: detect items
  6495 | D:8      | XOM: summons 1 hostile demon
  6512 | D:8      | XOM: medium Conj miscast
  6639 | D:8      | Found an ancient bone altar of Kikubaaqudgha.
  6646 | D:8      | Noticed a hill giant
  6657 | D:8      | XOM: enchant monster (bad)
  6702 | D:8      | XOM: silly message
  6703 | D:8      | XOM: smoke on damage
  6704 | D:8      | Killed a hill giant
  6704 | D:8      | Reached XP level 10. HP: 58/107 MP: 4/4
  6839 | D:8      | XOM: cast spell 'Ice Form'
  6919 | D:9      | XOM: colour smoke trail
  6980 | D:9      | Found a staircase to the Lair.
  7294 | D:9      | XOM: harmless Conj miscast
  7336 | D:9      | Learned a level 2 spell: Confusing Touch
  7379 | D:9      | Reached skill level 11 in Unarmed Combat
  7430 | D:9      | XOM: divination: detect creatures
  7586 | D:9      | XOM: potion effect (agility)
  7744 | D:10     | Entered Level 10 of the Dungeon
  7813 | D:10     | XOM: potion effect (brilliance)
  7815 | D:10     | XOM: god gift: knobbly glowing rod {god gift}
  7816 | D:10     | XOM: summons 10 friendly demons
  7915 | D:10     | XOM: fog
  7934 | D:10     | XOM: 1-stop teleportation journey
  8029 | D:10     | XOM: confuse monster(s)
  8040 | D:10     | XOM: god gift: 780 gold pieces
  8078 | D:10     | XOM: god gift: 6 silver javelins
  8098 | D:10     | Reached skill level 10 in Fighting
  8107 | D:10     | XOM: fake destruction
  8113 | D:10     | Reached skill level 1 in Hexes
  8117 | D:10     | XOM: confuse monster(s)
  8253 | D:10     | Found Chosiso's Food Boutique.
  8416 | D:10     | Found a flagged portal.
  8426 | Bailey   | Entered a bailey
  8440 | Bailey   | Reached skill level 12 in Unarmed Combat
  8524 | Bailey   | XOM: polymorph orc -> hobgoblin
  8532 | Bailey   | Reached skill level 1 in Dodging
  8556 | Bailey   | XOM: god gift: runed broad axe {god gift}
  8665 | Bailey   | Noticed an orc knight
  8665 | Bailey   | Noticed an orc knight
  8671 | Bailey   | Noticed a manticore
  8671 | Bailey   | an orc knight changed into a manticore
  8671 | Bailey   | XOM: polymorph orc knight -> manticore
  8672 | Bailey   | Reached XP level 11. HP: 112/117 MP: 4/4
  8674 | Bailey   | Killed a manticore
  8675 | Bailey   | XOM: swap monsters
  8676 | Bailey   | Noticed an orc knight
  8687 | Bailey   | Killed an orc knight
  8691 | Bailey   | Killed an orc knight
  8706 | Bailey   | Noticed an orc knight
  8758 | Bailey   | XOM: vitrification
  8777 | Bailey   | Killed an orc knight
  8802 | Bailey   | Noticed an orc knight
  8805 | Bailey   | XOM: enchant monster (good)
  8816 | Bailey   | XOM: fog
  8835 | Bailey   | XOM: harmless Chrm miscast
  8850 | Bailey   | XOM: divination: detect creatures
  8857 | Bailey   | Killed an orc knight
  9264 | D:11     | Noticed a hill giant
  9264 | D:11     | XOM: fog
  9267 | D:11     | XOM: mild Hex miscast
  9275 | D:11     | XOM: harmless Chrm miscast
  9281 | D:11     | Killed a hill giant
  9281 | D:11     | Reached skill level 1 in Evocations
  9409 | D:11     | Reached skill level 5 in Throwing
  9409 | D:11     | Reached XP level 12. HP: 126/126 MP: 8/8
  9440 | D:11     | Found a staircase to the Orcish Mines.
  9482 | D:11     | XOM: potion effect (haste)
  9557 | D:11     | XOM: confusion
  9583 | D:11     | XOM: scenery: create altars
  9717 | D:11     | XOM: enchant monster (good)
  9725 | D:11     | XOM: smoke on damage
  9867 | D:11     | XOM: harmless Air miscast
 10268 | D:11     | XOM: confuse monster(s)
 10403 | D:12     | Found a labyrinth entrance.
 10412 | Lab      | Entered a labyrinth
 10562 | Lab      | Noticed a minotaur
 10562 | Lab      | XOM: enchant monster (good)
 10566 | Lab      | XOM: 5-stop teleportation journey
 10646 | Lab      | XOM: confusion
 10656 | Lab      | XOM: smoke on damage
 10658 | Lab      | XOM: potion effect (might)
 10858 | Lab      | XOM: give mutations
 10858 | Lab      | Gained mutation: Armour fits poorly on your strangely shaped body. [Xom's mischief]
 10858 | Lab      | Gained mutation: Scrolls take you a little longer to read. [Xom's mischief]
 10858 | Lab      | Gained mutation: You are clumsy. (Dex -2) [Xom's mischief]
 10858 | Lab      | Gained mutation: You have a pair of small horns on your head. [Xom's mischief]
 11200 | Lab      | Killed a minotaur
 11202 | Lab      | Got a sparkling bronze ring
 11235 | D:12     | Identified the ring "Smavopan" {Wiz rPois Int+5} (You took it off a minotaur in a labyrinth)
 11242 | D:12     | Learned a level 5 spell: Summon Mana Viper
 11289 | D:12     | XOM: stat loss: -1 Int (12/13)
 11321 | D:12     | Mangled by a very large slime creature

Action                   |  1- 3 |  4- 6 |  7- 9 | 10-12 || total
-------------------------+-------+-------+-------+-------++-------
Melee: Unarmed           |   124 |   225 |   339 |   505 ||  1193
 Fire: Blowgun           |       |       |    35 |    26 ||    61
Throw: Stone             |       |       |     4 |       ||     4
       Tomahawk          |       |       |     3 |     5 ||     8
 Cast: Confusing Touch   |       |       |       |     3 ||     3
Evoke: Wand              |       |       |       |     4 ||     4
       Rod               |       |       |       |     2 ||     2
  Use: Scroll            |     4 |     8 |    10 |    12 ||    34
       Potion            |       |     5 |     1 |    10 ||    16
 Stab: Sleeping          |       |       |     2 |     1 ||     3
       Distracted        |       |       |     1 |       ||     1
       Confused          |       |       |       |     6 ||     6
  Eat: Chunk             |    11 |    20 |    24 |    36 ||    91
       Royal jelly       |       |     1 |       |     1 ||     2
       Meat ration       |       |       |     1 |       ||     1
       Pizza             |       |       |     1 |       ||     1
       Fruit             |       |       |     5 |     2 ||     7
       Beef jerky        |       |       |       |     1 ||     1
